 Dungeon Crawl Stone Soup version 0.32-a0-913-g739538afd8 (webtiles) character file.

Game seed: 7380246354946140068

154 croobank the Skirmisher (level 5, -1/43 HPs)
             Began as a Gnoll Wanderer on Apr 9, 2024.
             Killed by divine providence
             ... invoked by an orc priest
              (15 damage)
             ... on level 3 of the Dungeon.
             The game lasted 00:06:51 (2251 turns).

croobank the Skirmisher (Gnoll Wanderer)            Turns: 2251, Time: 00:06:51

Health: -1/43      AC:  9    Str:  9    XL:     5   Next: 36%
Magic:  7/7        EV: 14    Int: 12    God:
Gold:   47         SH:  0    Dex: 15    Spells: 7/7 levels left

rFire   . . .        n - +0 hand cannon
rCold   . . .        (no shield)
rNeg    . . .        c - +0 ring mail
rPois   .            (no helmet)
rElec   .            h - +0 cloak
rCorr   .            q - +0 pair of gloves
SInv    .            i - +0 pair of boots
Will    .....        (no amulet)
Stlth   +            r - +5 ring of evasion
HPRegen 0.27/turn    (no ring)
MPRegen 0.10/turn

%: no passive effects
@: no status effects
A: fangs 1, strong nose, distributed training
a: Convert to Beogh


You were on level 3 of the Dungeon.
You visited 1 branch of the dungeon, and saw 3 of its levels.

You collected 47 gold pieces.

Inventory:

Hand Weapons
 a - a +2 sling
 e - a +0 dagger
 n - a +0 hand cannon (weapon)
Armour
 c - a +0 ring mail (worn)
 f - a +0 tower shield
 h - a +0 cloak (worn)
 i - a +0 pair of boots (worn)
 q - a +0 pair of gloves (worn)
Jewellery
 r - a +5 ring of evasion (left hand)
Scrolls
 d - a scroll of silence
 j - 3 scrolls of identify
 k - a scroll of teleportation {unknown}
 m - 3 scrolls of immolation {unknown}
Potions
 b - 2 potions of curing
 g - 2 potions of mutation
 o - 3 potions of attraction {unknown}
 p - a potion of brilliance {unknown}
 s - 3 potions of heal wounds {unknown}


   Skills:
 + Level 4.8 Fighting
 + Level 1.5 Short Blades
 + Level 1.5 Long Blades
 + Level 1.5 Axes
 + Level 1.5 Maces & Flails
 + Level 1.5 Polearms
 + Level 1.5 Staves
 + Level 8.6 Ranged Weapons
 + Level 3.0 Throwing
 + Level 3.0 Armour
 + Level 1.5 Dodging
 + Level 1.5 Stealth
 + Level 1.5 Shields
 + Level 4.8 Unarmed Combat
 + Level 1.5 Spellcasting
 + Level 1.2 Conjurations
 + Level 1.2 Hexes
 + Level 1.2 Summonings
 + Level 1.2 Necromancy
 + Level 1.2 Translocations
 + Level 1.2 Fire Magic
 + Level 1.2 Ice Magic
 + Level 1.2 Air Magic
 + Level 1.2 Earth Magic
 + Level 1.2 Alchemy
 + Level 1.7 Invocations
 + Level 1.5 Evocations
 + Level 1.4 Shapeshifting


You had 7 spell levels left.
You didn't know any spells.
Your spell library contained the following spells:

 Spells                   Type           Power      Damage    Failure   Level
 Foxfire                  Conj/Fire      12%        2x1d4     41%         1
 Frozen Ramparts          Ice            6%         1d1       80%         3
 Ozocubu's Armour         Ice            3%         N/A       80%         3
 Metabolic Englaciation   Hex/Ice        1%         N/A       100%        5
 Plasma Beam              Fire/Air       1%         2x1d11    100%        6
 Starburst                Conj/Fire      1%         6d3       100%        6


Dungeon Overview and Level Annotations

Branches:
Dungeon (3/15)

Altars:

Annotations:
D:2 1 runed translucent door, Crazy Yiuf


Innate Abilities, Weirdness & Mutations

You have very sharp teeth.
Your uncanny sense of smell can sniff out nearby items.
Your experience applies equally to all skills.


Message History

Aim: an orc, wielding a +0 hand axe and wearing a +0 ring mail (69% to hit)
You shoot a slug. The slug closely misses the orc priest.
The slug hits the orc.
The orc is lightly wounded.
The orc priest looks satisfied for a moment.
Fire: n) +0 hand cannon
Press: ? - help, Q - select action Shift-Dir - straight line, f/p - orc
Aim: an orc, wielding a +0 hand axe and wearing a +0 ring mail (lightly wounded, 69% to hit)
You shoot a slug. The slug hits the orc priest.
The orc priest is lightly wounded.
The orc priest mumbles some strange prayers to Beogh against you.
Beogh smites you!
* * * LOW HITPOINT WARNING * * *
The orc priest shouts, "Beogh offers mercy even to people such as you.
Join us and be reborn!"
The orc priest hits you but does no damage.
Fire: n) +0 hand cannon
Press: ? - help, Q - select action Shift-Dir - straight line, f/p - orc
Aim: an orc, wielding a +0 hand axe and wearing a +0 ring mail (lightly wounded, 69% to hit)
You shoot a slug. The slug closely misses the orc priest.
The slug hits the orc.
The orc is almost dead.
The orc priest shouts, "The Pantheon deserves no one's loyalty.
Let us show you the true path!" The orc priest closely misses you.
Fire: n) +0 hand cannon
Press: ? - help, Q - select action Shift-Dir - straight line, f/p - orc
Aim: an orc, wielding a +0 hand axe and wearing a +0 ring mail (almost dead, 69% to hit)
You shoot a slug. The slug closely misses the orc priest.
The slug hits the orc but does no damage.
The orc is almost dead.
The orc priest hits you but does no damage.
The orc priest barely misses you.
You feel better. The orc priest closely misses you.
Fire: n) +0 hand cannon
Press: ? - help, Q - select action Shift-Dir - straight line, f/p - orc
Aim: an orc, wielding a +0 hand axe and wearing a +0 ring mail (almost dead, 69% to hit)
You shoot a slug. The slug barely misses the orc priest.
The slug barely misses the orc.
The orc priest calls down the wrath of Beogh upon you.
Beogh smites you!
You die...

#.# #.# #.## #.†. ##### #...
#...# #... #...# #...
########§..# #.## .....oo@...#
#.# .. ###########...#
#######.## #... #.............+
.......... #...##.#......##...#
#####....#
#......#.####.###+#............#
.........# #.# #.#.####.......+
.........# #.# #.#.# ##.##...#
.........####.###.#.# #. #...#
..>...............# . #...#


You could see an orc priest and an orc.

Vanquished Creatures
  An orc priest (D:3)
  3 gnolls (D:2)
  An adder (D:2)
  A ribbon worm (D:2)
  4 dart slugs
  2 orcs (D:3)
  5 ball pythons
  5 endoplasms
  12 giant cockroaches
  5 goblins
  2 hobgoblins
  3 jackals (D:1)
  6 kobolds
  5 quokkas
  2 bats
  5 frilled lizards
  8 rats
70 creatures vanquished.

Notes
Turn   | Place    | Note
-------+----------+-------------------------------------------
     0 | D:1      | croobank the Gnoll Wanderer began the quest for the Orb.
     0 | D:1      | croobank set off with the following items: a +2 sling, a
                  | potion of curing, a +0 ring mail, a scroll of silence.
     0 | D:1      | Reached XP level 1. HP: 20/20 MP: 1/1
    48 | D:1      | Reached XP level 2. HP: 26/26 MP: 2/2
   316 | D:1      | Reached XP level 3. HP: 31/31 MP: 3/3
  1184 | D:2      | Reached skill level 1 in Invocations
  1365 | D:2      | Found a runed translucent door.
  1366 | D:2      | Noticed Crazy Yiuf
  1418 | D:2      | Reached skill level 1 in Short Blades
  1418 | D:2      | Reached skill level 1 in Long Blades
  1418 | D:2      | Reached skill level 1 in Axes
  1418 | D:2      | Reached skill level 1 in Maces & Flails
  1418 | D:2      | Reached skill level 1 in Polearms
  1418 | D:2      | Reached skill level 1 in Staves
  1418 | D:2      | Reached skill level 1 in Dodging
  1418 | D:2      | Reached skill level 1 in Stealth
  1418 | D:2      | Reached skill level 1 in Shields
  1418 | D:2      | Reached skill level 1 in Spellcasting
  1418 | D:2      | Reached skill level 1 in Evocations
  1424 | D:2      | Reached skill level 1 in Shapeshifting
  1424 | D:2      | Reached XP level 4. HP: 9/38 MP: 5/5
  1681 | D:2      | Reached skill level 1 in Conjurations
  1681 | D:2      | Reached skill level 1 in Hexes
  1681 | D:2      | Reached skill level 1 in Summonings
  1681 | D:2      | Reached skill level 1 in Necromancy
  1681 | D:2      | Reached skill level 1 in Translocations
  1681 | D:2      | Reached skill level 1 in Fire Magic
  1681 | D:2      | Reached skill level 1 in Ice Magic
  1681 | D:2      | Reached skill level 1 in Air Magic
  1681 | D:2      | Reached skill level 1 in Earth Magic
  1681 | D:2      | Reached skill level 1 in Alchemy
  1724 | D:2      | Found a faded altar of an unknown god.
  2166 | D:3      | Reached XP level 5. HP: 36/43 MP: 7/7
  2251 | D:3      | Killed from afar by an orc priest

Illustrated notes

Levels and vault maps discovered:
D:1:      nzn_arrival_water_spiral, layout_basic, minmay_fountain_box
D:2:      layout_loops_cross, basic_ecumenical_altar, serial_glass,
          glass_columns_a, glass_columns_a, uniq_crazy_yiuf_cottage
D:3:      minmay_roachtagon, layout_basic, mainiacjoe_overflow_boulevard

Skill      XL: |  1  2  3  4  5 |
---------------+----------------+-----
Invocations    | 1 |  1.7
Short Blades   | 1 |  1.5
Long Blades    | 1 |  1.5
Axes           | 1 |  1.5
Maces & Flails | 1 |  1.5
Polearms       | 1 |  1.5
Staves         | 1 |  1.5
Dodging        | 1 |  1.5
Stealth        | 1 |  1.5
Shields        | 1 |  1.5
Spellcasting   | 1 |  1.5
Evocations     | 1 |  1.5
Shapeshifting  | 1 |  1.4
Conjurations   | 1 |  1.2
Hexes          | 1 |  1.2
Summonings     | 1 |  1.2
Necromancy     | 1 |  1.2
Translocations | 1 |  1.2
Fire Magic     | 1 |  1.2
Ice Magic      | 1 |  1.2
Air Magic      | 1 |  1.2
Earth Magic    | 1 |  1.2
Alchemy        | 1 |  1.2
Throwing       | 3 |  3.0
Armour         | 3 |  3.0
Fighting       | |  4.8
Ranged Weapons | |  8.6
Unarmed Combat | |  4.8

Action                     |  1- 3 |  4- 6 || total
---------------------------+-------+-------++-------
   Fire: Sling             |    86 |    37 ||   123
         Hand cannon       |       |    57 ||    57
    Use: Potion            |       |     2 ||     2
         Scroll            |       |     1 ||     1
 Armour: Ring mail         |    31 |    37 ||    68
  Dodge: Dodged            |    24 |    54 ||    78

Table legend: (Time is in decaauts)
 A = Elapsed time spent in this place.
 B = Non-inter-level travel time spent in this place.
 C = Inter-level travel time spent in this place.
 D = Time resting spent in this place.
 E = Time spent auto-exploring this place.
 F = Levels seen in this place.
 G = Mean time per level.
                   A        B        C        D        E       F      G
               +--------+--------+--------+--------+--------+-----+--------+
         Total |   2301 |   2190 |    111 |    107 |   1690 |   3 |  767.0 |
       Dungeon |   2301 |   2190 |    111 |    107 |   1690 |   3 |  767.0 |
               +--------+--------+--------+--------+--------+-----+--------+

Top non-repeatable levels by time:
     D:1: 1179 daAuts
     D:2: 846 daAuts
     D:3: 276 daAuts
